SCURSCUM, neutral female scurrid Archeologist }}}}}}} }}}}} }---- }}}} }}--....--}} |........| |....ZQ..|} |...(.Z..Q.| |.....|...'| |------.Q..| |.....?..sQ| | --------@| ...+ .....| ------- SCURSCUM the Digger Experience level: 1 Strength: 15 Dexterity: 9 Constitution: 12 Intelligence: 15 Wisdom: 16 Charisma: 9 Health: 0(12) Energy: 2(2) Def: 2 Gold: 0 Moves: 49 Dungeon seed: I2EKLHBHK6rMA0H6 Game ID: SCURSCUM_1498608203 Your Inventory: Weapons a - an uncursed +2 bullwhip Armor e - an uncursed +0 leather jacket (being worn) n - an uncursed +0 pair of leather gloves (being worn) Comestibles b - 4 uncursed chestnuts Wands d - an uncursed wand of light (0:15) Tools c - an uncursed pair of lenses f - an uncursed sack g - an uncursed tin opener (alternate weapon; not wielded) h - an uncursed oil lamp (0:1467) Gems q - an uncursed touchstone Spells and supernatural/magical abilities: Name Level Category Fail Memory W - pray for help -- divine ? -- Your skills at the end: Miscellaneous Skills wands [Basic] Weapon Skills whip [Basic] Spellcasting Skills Final Attributes: You were devoutly aligned. You had infravision. You were very stealthy. You were fast. You are dead. Voluntary challenges: You went without food. You did not adorn yourself with jewelry or accessories. You did not cause conflict. You were not invisible. You did not have reflection. You were not displaced. You were an atheist. You never hit with a wielded weapon. You were a pacifist. You did not use tools. You did not use plumbed fixtures. You did not drink any magical draughts. You were illiterate. You never genocided any monsters. You never polymorphed an object. You never changed form. You used no wishes. You never split a pudding. You never wrote Elbereth's name. You never violated your personal moral code. Dungeon overview: The Dungeons of Doom: levels 1 to 13 Level 1 a long staircase Level 2 Level 3 Level 4 Level 5 Level 6 Level 7 Level 8 Level 9 Level 10 Level 11 Level 12 a sink Level 13 <- You were here History has recorded: On T:1 you entered the Dungeons of Doom to retrieve the Amulet of Yendor! On T:5 you reached level 2 of The Dungeons of Doom. On T:10 you reached level 3 of The Dungeons of Doom. On T:12 you reached level 4 of The Dungeons of Doom. On T:16 you reached level 5 of The Dungeons of Doom. On T:20 you reached level 6 of The Dungeons of Doom. On T:23 you reached level 7 of The Dungeons of Doom. On T:26 you reached level 8 of The Dungeons of Doom. On T:29 you reached level 9 of The Dungeons of Doom. On T:31 you reached level 10 of The Dungeons of Doom. On T:39 you reached level 11 of The Dungeons of Doom. On T:42 you reached level 12 of The Dungeons of Doom. On T:44 you reached level 13 of The Dungeons of Doom. Score breakdown: Gold: 0 ( 0 points) Experience: 1 level ( 0 points) Exploration: 13 levels ( 360 points) Discoveries: 0 items ( 0 points) Variety of kills: 0 monsters ( 0 points) Major goal: (nothing yet) ( 0 points) Survival: died (score multiplied by 3) Total score: 1080 Latest messages: You dig a hole through the floor. You fall through... You receive a faint telepathic message from Lord Carnarvon: Your help is urgently needed at the College of Archeology! Look for a ...ic transporter. You couldn't quite make out that last message. You have no weapon equipped. You start digging downward. The Grey-elf wields a runed bow! The runed bow grows roots right in to the Grey-elf's hand! The Grey-elf wields a runed short sword! The Grey-elf wields a runed bow! The Grey-elf punches you! The Grey-elf tries to wield a runed dagger. The Grey-elf's runed bow is welded to her hand! The paper golem claws you! (2x) The Grey-elf swings her runed bow at the orc zombie. The Grey-elf hits the orc zombie. The giant spider bites! You die... The sack is empty. The sack is empty. Final status: Goodbye SCURSCUM the Archeologist, killed by a giant spider... You died in The Dungeons of Doom on dungeon level 13 with 1080 points, and 0 pieces of gold, after 49 moves. You were level 1 with a maximum of 12 hit points when you died.